 Dungeon Crawl Stone Soup version 0.19.0-2-gae57169 (webtiles) character file.

5206 Juniper the Carver (level 10, -18/79 HPs)
             Began as a Human Berserker on Nov 5, 2016.
             Was a Priest of Trog.
             Demolished by CcS's ghost (37 damage)
             ... while paralysed
             ... on level 9 of the Dungeon on Nov 6, 2016.
             The game lasted 00:44:50 (10212 turns).

Juniper the Carver (Human Berserker)               Turns: 10212, Time: 00:44:51

Health: -18/79     AC: 14    Str: 19    XL:     10   Next: 91%
Magic:  19/19      EV:  2    Int:  8    God:    Trog [***...]
Gold:   442        SH:  0    Dex: 14    Spells: 0 memorised, 9 levels left

rFire  . . .     SeeInvis .     J - +4 long sword
rCold  . . .     Gourm    .     g - +2 scale mail {rPois}
rNeg   . . .     Faith    .     (no shield)
rPois  +         Spirit   .     D - +0 helmet
rElec  .         Reflect  .     (no cloak)
rCorr  +         Harm     .     t - +0 pair of gloves
MR     .....                    K - +0 pair of boots
Stlth  ..........               (no amulet)
                                z - ring of resist corrosion
                                l - ring of magical power

@: paralysed, exhausted, slowed
A: no striking features
a: Berserk, Trog's Hand, Burn Spellbooks, Renounce Religion


You were on level 9 of the Dungeon.
You worshipped Trog.
Trog was most pleased with you.
You were not hungry.

You visited 2 branches of the dungeon, and saw 10 of its levels.

You collected 442 gold pieces.

Inventory:

Hand Weapons
 a - a +0 falchion
 I - a +0 dagger of venom
 J - a +4 long sword (weapon)
 O - a +0 dagger of draining
Missiles
 B - 9 tomahawks (quivered)
Armour
 g - a +2 scale mail of poison resistance (worn)
 t - a +0 pair of gloves (worn)
 D - a +0 helmet (worn)
 K - a +0 pair of boots (worn)
Jewellery
 l - a ring of magical power (left hand)
 z - a ring of resist corrosion (right hand)
Wands
 u - a wand of confusion (21/48)
 F - a wand of polymorph (10/24)
 L - a wand of confusion (17/48)
Scrolls
 e - 2 scrolls of teleportation {unknown}
 h - 9 scrolls of remove curse
 k - 2 scrolls of identify
 p - a scroll of noise {unknown}
 q - 3 scrolls of amnesia
 x - 2 scrolls of recharging {unknown}
 y - 3 scrolls of fog
 C - a scroll of random uselessness {unknown}
 M - a scroll of blinking {unknown}
 N - 2 scrolls of fear {unknown}
Potions
 b - a potion of cancellation {unknown}
 d - 2 potions of degeneration {unknown}
 i - a potion of magic {unknown}
 j - a potion of berserk rage {unknown}
 m - 2 potions of might {unknown}
 n - a potion of beneficial mutation {unknown}
 o - 2 potions of brilliance {unknown}
 r - 3 potions of lignification {unknown}
 s - a potion of cure mutation {unknown}
 v - 2 potions of mutation {unknown}
 w - 3 potions of curing
 H - a potion of resistance {unknown}
Books
 E - a book of Maledictions

   Spells                             Type                      Level
   a - Corona                         Hexes                        1
   b - Ensorcelled Hibernation        Hexes/Ice                    2
   c - Confuse                        Hexes                        3
   d - Tukima's Dance                 Hexes                        3
   e - Dazzling Spray                 Conjuration/Hexes            3
   Trog disapproves of the use of such an item.
Comestibles
 c - 3 bread rations
 f - 2 meat rations
 Q - 8 slices of pizza


   Skills:
 + Level 7.3 Fighting
 + Level 10.4 Long Blades
 - Level 0.4 Throwing
 + Level 8.0 Armour
 + Level 5.9 Dodging
 - Level 1.0 Stealth


You had 9 spell levels left.
You didn't know any spells.

Dungeon Overview and Level Annotations

Branches:
Dungeon (9/15)             Temple (1/1) D:5
   Lair: D:8-11         Orc: D:9-12

Altars:
Ashenzari
Cheibriados
Dithmenos
Elyvilon
Fedhas
Gozag
Hepliaklqana
Kikubaaqudgha
Makhleb
Nemelex Xobeh
Okawaru
Qazlal
Ru
Sif Muna
Trog
Uskayaw
Vehumet
Xom
Yredelemnul
Zin
The Shining One

Annotations:
D:7 1 runed door
D:9 CcS's ghost, novice GrEn


Message History

Trog accepts your kill. The orc misses you.
You hit CcS's ghost.
CcS's ghost is lightly damaged.
You slash CcS's ghost!
CcS's ghost is moderately damaged.
The orc hits you but does no damage.
CcS's ghost hits you but does no damage.
You hit CcS's ghost.
CcS's ghost is moderately damaged.
You are no longer berserk.
You pass out from exhaustion.
You feel yourself slow down. CcS's ghost hits you. The orc barely misses you.
CcS's ghost hits you. The orc hits you but does no damage.
CcS's ghost hits you!
* * * LOW HITPOINT WARNING * * *
CcS's ghost gestures at you while chanting.
You fall asleep.
CcS's ghost hits you!!!
You wake up.
You die...

#... ......#
#!.. ......#
##...#......#
...#<......#
#.#oY.....#
#ooo#o#####
#.oY#...
###W# ### #@#
#.....#
#######


You could see 2 yaks, an orc warrior, an orc wizard, CcS's ghost and 3 orcs.

Vanquished Creatures
  Pikel (D:8)
  A hill giant (D:5)
  A hornet (D:8)
  Grinder (D:6)
  A hippogriff (D:7)
  3 yaks (D:9)
  A human (D:8)
  A water moccasin (D:6)
  A hornet zombie (D:5)
  An orc warrior (D:8)
  2 sky beasts
  An eye of draining (D:6)
  4 ice beasts
  2 centaurs
  4 ogres
  A big kobold (D:8)
  A bullfrog (D:8)
  A water moccasin skeleton (D:8)
  3 scorpions
  6 killer bees (D:8)
  3 wights (D:7)
  2 howler monkeys
  3 crimson imps
  2 bullfrog zombies (D:5)
  3 hounds
  A jelly (D:5)
  A quasit (D:5)
  A centaur skeleton (D:5)
  4 orc priests
  4 orc wizards
  2 iguanas
  4 worker ants
  2 hound zombies
  2 worker ant zombies
  3 gnolls (D:4)
  10 adders
  A shadow imp (D:7)
  An ooze (D:3)
  An adder zombie (D:6)
  2 worms (D:4)
  3 dart slugs
  7 leopard geckos
  17 orcs
  6 giant cockroaches
  7 goblins
  7 hobgoblins
  7 jackals
  14 kobolds
  3 quokkas
  4 bats
  2 frilled lizards (D:1)
  A jackal skeleton (D:5)
  3 rats
170 creatures vanquished.

Vanquished Creatures (others)
  A slave (D:8)
  A centaur (D:8)
  4 toadstools (D:1)
6 creatures vanquished.

Grand Total: 176 creatures vanquished

Notes
Turn   | Place    | Note
-------+----------+-------------------------------------------
     0 | D:1      | Juniper the Human Berserker began the quest for the Orb.
     0 | D:1      | Reached XP level 1. HP: 18/18 MP: 1/1
   242 | D:1      | Reached XP level 2. HP: 24/24 MP: 2/2
   831 | D:1      | Reached XP level 3. HP: 29/29 MP: 3/3
  1055 | D:2      | Found a faded altar of an unknown god.
  1161 | D:2      | Found a shattered altar of Ashenzari.
  1216 | D:2      | Reached XP level 4. HP: 23/35 MP: 4/4
  1328 | D:2      | Found a shadowy altar of Dithmenos.
  1407 | D:2      | Reached skill level 4 in Long Blades
  1465 | D:2      | Reached ** piety under Trog
  2046 | D:3      | Reached XP level 5. HP: 41/41 MP: 5/5
  2359 | D:3      | Found a deep blue altar of Sif Muna.
  3182 | D:4      | Reached XP level 6. HP: 32/48 MP: 6/6
  3188 | D:4      | Noticed an ogre
  3224 | D:4      | Killed an ogre
  3224 | D:4      | Reached skill level 5 in Long Blades
  3372 | D:4      | Found a radiant altar of Vehumet.
  3626 | D:5      | Entered Level 5 of the Dungeon
  3626 | D:5      | Noticed a sky beast
  3662 | D:5      | Killed a sky beast
  3662 | D:5      | Reached XP level 7. HP: 12/54 MP: 7/7
  3790 | D:5      | Found a staircase to the Ecumenical Temple.
  3817 | Temple   | Entered the Ecumenical Temple
  4093 | D:5      | Reached skill level 6 in Long Blades
  4395 | D:5      | Reached XP level 8. HP: 58/61 MP: 8/8
  4520 | D:5      | Found a white marble altar of Elyvilon.
  4813 | D:6      | Noticed Grinder
  4822 | D:6      | Paralysed by Grinder for 2 turns
  4827 | D:6      | Killed Grinder
  4827 | D:6      | Reached skill level 5 in Armour
  4935 | D:6      | Reached skill level 7 in Long Blades
  5371 | D:6      | Reached skill level 5 in Fighting
  5437 | D:6      | Found a sacrificial altar of Ru.
  5645 | D:6      | Noticed a hill giant
  5677 | D:5      | Killed a hill giant
  5677 | D:5      | Reached skill level 1 in Stealth
  5677 | D:5      | Reached XP level 9. HP: 9/68 MP: 7/9
  5973 | D:6      | Reached skill level 8 in Long Blades
  6364 | D:7      | Noticed a hippogriff
  6390 | D:7      | Killed a hippogriff
  6638 | D:7      | Found a runed door.
  6638 | D:7      | Noticed an angel
  7010 | D:7      | Reached *** piety under Trog
  7010 | D:7      | Reached skill level 9 in Long Blades
  7585 | D:7      | Found a white marble altar of Elyvilon.
  7612 | D:7      | Reached XP level 10. HP: 58/76 MP: 10/10
  8639 | D:8      | Reached skill level 5 in Dodging
  8701 | D:8      | Reached skill level 10 in Long Blades
  9053 | D:8      | Noticed Pikel
  9080 | D:8      | Killed Pikel
  9158 | D:8      | Reached **** piety under Trog
 10175 | D:9      | Noticed CcS's ghost (novice GrEn)
 10212 | D:9      | Demolished by CcS's ghost

Skill      XL: |  1  2  3  4  5  6  7  8  9 10 |
---------------+-------------------------------+-----
Long Blades    | 4 5 6 7 9 10 | 10.4
Armour         | 3 4 5 6 8 |  8.0
Fighting       | 4 5 6 7 |  7.3
Dodging        | 3 4 5 |  5.9
Stealth        | 1 |  1.0
Throwing       | |  0.4

Action                   |  1- 3 |  4- 6 |  7- 9 | 10-12 || total
-------------------------+-------+-------+-------+-------++-------
Melee: Falchion          |    83 |   192 |   292 |       ||   567
       Dagger            |    13 |       |       |       ||    13
       Long sword        |       |       |    84 |   197 ||   281
Throw: Tomahawk          |       |       |     3 |     6 ||     9
Invok: Berserk           |     1 |     3 |     6 |     4 ||    14
  Use: Scroll            |     1 |       |       |     2 ||     3
       Potion            |       |       |     3 |     2 ||     5
  Eat: Chunk             |     2 |     6 |     5 |     5 ||    18
       Bread ration      |       |     1 |     2 |     1 ||     4
       Meat ration       |       |       |     1 |       ||     1
       Royal jelly       |       |       |       |     1 ||     1
       Beef jerky        |       |       |       |     1 ||     1
Armor: Animal skin       |     5 |       |       |       ||     5
       Scale mail        |    23 |    96 |   172 |   107 ||   398
Dodge: Dodged            |    47 |    92 |   202 |   130 ||   471
       Rpst.: Falchion   |    10 |    28 |    48 |       ||    86
       Long sword        |       |       |     7 |    38 ||    45
